 Dungeon Crawl Stone Soup version 0.23.1-41-g7e51ed3 (webtiles) character file.

Game seed: 14748309140053243513

65 sagitran the Skirmisher (level 4, 0/37 HPs)
             Began as a Human Wanderer on Mar 29, 2019.
             Slain by a gnoll
             ... wielding a cursed -1 flail
              (8 damage)
             ... on level 2 of the Dungeon.
             The game lasted 00:04:25 (1302 turns).

sagitran the Skirmisher (Human Wanderer)            Turns: 1302, Time: 00:04:26

Health: 0/37       AC:  8    Str: 19    XL:     4   Next: 34%
Magic:  4/4        EV: 10    Int: 11    God:
Gold:   42         SH:  0    Dex: 13    Spells: 3/3 levels left

rFire    . . .     SeeInvis .   l - +0 hand axe
rCold    . . .     Gourm    .   (no shield)
rNeg     . . .     Faith    .   b - +2 scale mail
rPois    .         Spirit   .   (no helmet)
rElec    .         Reflect  .   (no cloak)
rCorr    .         Harm     .   (no gloves)
MR       .....                  (no boots)
Stlth    +.........             (no amulet)
HPRegen  0.12/turn              (no ring)
MPRegen  0.09/turn              (no ring)

@: mighty
A: no striking features
a: no special abilities


You were on level 2 of the Dungeon.
You were not hungry.

You visited 1 branch of the dungeon, and saw 2 of its levels.

You collected 42 gold pieces.

Inventory:

Hand Weapons
 a - a +0 hand crossbow
 e - a +0 dagger
 l - a +0 hand axe (weapon)
Missiles
 c - 14 bolts
 p - 2 curare-tipped needles
Armour
 b - a +2 scale mail (worn)
Scrolls
 d - 2 scrolls of teleportation
 k - a scroll of remove curse {unknown}
 m - a scroll of fear {unknown}
 n - a scroll of identify {unknown}
Potions
 g - a potion of lignification {unknown}
 i - a potion of heal wounds {unknown}
 j - a potion of magic {unknown}
 o - a potion of brilliance {unknown}
Comestibles
 f - 2 rations


   Skills:
 + Level 3.9 Fighting
 + Level 1.3(1.4) Axes
   Level 0.5(1.1) Maces & Flails
 + Level 1.2 Crossbows
 + Level 1.5 Armour
 + Level 1.4 Dodging
 + Level 2.0 Stealth
 + Level 1.0 Unarmed Combat
   Level 1.0 Evocations


You had 3 spell levels left.
You didn't know any spells.
Your spell library was empty.

Dungeon Overview and Level Annotations

Branches:
Dungeon (2/15)

Altars:


Message History

The gnoll is heavily wounded.
You closely miss the gnoll. You hit the gnoll.
You kill the gnoll!
You have reached level 4!
You feel agile.
You barely miss the gnoll. The gnoll hits you. The gnoll barely misses you. x2
You hit the gnoll but do no damage.
The gnoll is heavily wounded.
You hit the gnoll but do no damage. You closely miss the gnoll.
The gnoll hits you. The gnoll hits you but does no damage.
The gnoll hits you with a cursed -1 flail.
* * * LOW HITPOINT WARNING * * *
The gnoll hits you but does no damage.
You feel very mighty all of a sudden. The gnoll hits you but does no damage.
The gnoll barely misses you.
You slash the gnoll!
You kill the gnoll!
You barely miss the gnoll. You hit the gnoll.
The gnoll hits you with a cursed -1 flail!
You die...

#.. ##..# ..####.†#
#.##.<.## #....### ..
#...#
#...##########...######
#.......gg.........(#
...###g####g..#...(..#
#)@#.†.###...)..#
##g)..## ....... ###..#
.....#( #...# .....#
#)#.# .....# #.#.#
..??.# ..#.. ## ##.. #


You could see 2 gnolls.

Vanquished Creatures
  2 gnolls (D:2)
  An adder (D:2)
  2 dart slugs
  A leopard gecko (D:1)
  5 bats (D:1)
  A giant cockroach (D:1)
  3 goblins (D:1)
  2 hobgoblins (D:1)
  7 jackals (D:1)
  A kobold (D:1)
  5 rats
30 creatures vanquished.

Notes
Turn   | Place    | Note
-------+----------+-------------------------------------------
     0 | D:1      | sagitran the Human Wanderer began the quest for the Orb.
     0 | D:1      | sagitran set off with the following items: a +0 hand
                  | crossbow, a +2 scale mail, 19 bolts, a scroll of
                  | teleportation, a +0 dagger, a ration
     0 | D:1      | Reached XP level 1. HP: 18/18 MP: 1/1
     0 | D:1      | Noticed a gargoyle
     0 | D:1      | Noticed a human
     1 | D:1      | Noticed a gargoyle
     1 | D:1      | Noticed a vampire
     3 | D:1      | Noticed a vine stalker
     3 | D:1      | Noticed a vampire
     6 | D:1      | Noticed a dwarf
     7 | D:1      | Noticed a troll
    10 | D:1      | Noticed a vine stalker
    10 | D:1      | Noticed a vine stalker
    13 | D:1      | Noticed a centaur
    16 | D:1      | Noticed a vine stalker
    16 | D:1      | Noticed a troll
    18 | D:1      | Noticed a vine stalker
    18 | D:1      | Noticed an elf
    20 | D:1      | Noticed an ogre
   174 | D:1      | Reached XP level 2. HP: 22/24 MP: 2/2
   301 | D:1      | HP: 1/24 [rat (2)]
   650 | D:1      | Reached XP level 3. HP: 29/29 MP: 3/3
  1296 | D:2      | Reached skill level 1 in Crossbows
  1299 | D:2      | Reached XP level 4. HP: 18/37 MP: 4/4
  1302 | D:2      | Slain by a gnoll

Skill      XL: |  1  2  3 |
---------------+----------+-----
Crossbows      | 1 |  1.2
Fighting       | |  3.9
Axes           | |  1.3
Maces & Flails | |  0.5
Armour         | |  1.5
Dodging        | |  1.4
Stealth        | |  2.0
Unarmed Combat | |  1.0
Evocations     | |  1.0

Action                   |  1- 3 |  4- 6 || total
-------------------------+-------+-------++-------
Melee: Unarmed           |    13 |       ||    13
       Mace              |    36 |       ||    36
       Punch             |     1 |       ||     1
       Hand axe          |    45 |     2 ||    47
 Fire: Hand crossbow     |    29 |       ||    29
  Use: Potion            |     1 |     1 ||     2
  Eat: Ration            |     1 |       ||     1
Armor: Scale mail        |    81 |     2 ||    83
Dodge: Dodged            |    86 |     3 ||    89
